Map: [ESL] Site Delta

Players

Ryung

  • Race: Terran Terran
  • Spawn Location: 5:00

GuMiho - Winner!

  • Race: Terran Terran
  • Spawn Location: 11:00

Event: ESL Spring 2024 Finals

VOD

Have the link to the VOD?

Description

Time

  • Played on: May 31, 2024, 12:30 p.m.
  • Length: 17:41

All games in this series

Show
View Real Time Build Order
Export as new Build Order

Ryung Terran 

Build Orders:  

Get SALT Encoding   

  12  0:00  SCV  
  13  0:12  SCV  
  14  0:17  Supply Depot  
  14  0:24  SCV  
  15  0:39  SCV  
  15  0:40  Barracks  
  16  0:43  Refinery  
  16  0:51  SCV  
  16  0:53  Refinery  
  17  1:03  SCV  
  18  1:15  SCV  
  19  1:27  Orbital Command, Reaper  
  19  1:31  Supply Depot  
  20  1:41  Factory  
  20  1:53  SCV  
  21  1:59  Reaper  
  22  2:05  SCV  
  23  2:15  Command Center  
  23  2:17  SCV  
  24  2:25  Hellion  
  27  2:30  SCV  
  27  2:31  Barracks Reactor  
  27  2:39  Starport  
  27  2:42  SCV  
  28  2:45  Supply Depot  
  28  2:49  Widow Mine  
  30  2:54  SCV  
  31  3:06  SCV  
  31  3:07  Marine x2  
  31  3:10  Cyclone  
  36  3:15  Medivac  
  36  3:18  SCV  
  39  3:27  Orbital Command  
  39  3:31  SCV  
  40  3:35  Marine x2, Refinery  
  42  3:42  Factory Tech Lab  
  42  3:43  SCV  
  42  3:46  Starport Tech Lab  
  43  3:53  SCV  
  43  3:55  SCV, Marine x2  
  45  3:58  Supply Depot  
  45  4:01  Siege Tank  
  50  4:05  SCV  
  50  4:07  SCV  
  52  4:10  Raven  
  52  4:18  SCV  
  52  4:19  SCV  
  51  4:24  Marine x2  
  51  4:30  SCV  
  52  4:31  SCV  
  49  4:42  SCV  
  49  4:43  Siege Tank, SCV  
  52  4:52  Marine x2  
  48  4:54  SCV  
  48  4:55  SCV  
  52  5:02  Raven  
  52  5:06  SCV  
  55  5:07  SCV  
  52  5:17  Siege Tank  
  52  5:18  SCV  
  52  5:19  SCV  
  48  5:30  SCV  
  48  5:32  SCV  
  50  5:42  SCV  
  51  5:44  SCV  
  55  5:50  Siege Tank, Liberator  
  55  5:53  Supply Depot  
  55  5:54  Viking  
  61  6:01  Supply Depot, SCV  
  61  6:02  SCV  
  62  6:16  SCV x2  
  64  6:20  Command Center  
  64  6:22  Supply Depot, Widow Mine  
  65  6:32  SCV x2  
  64  6:38  Viking x2  
  63  6:42  Marine, Stimpack  
  63  6:44  SCV  
  63  6:45  SCV, Siege Tank  
  70  7:01  SCV x2  
  70  7:05  Barracks  
  70  7:07  Barracks  
  70  7:08  Marine  
  72  7:09  Engineering Bay  
  72  7:11  Engineering Bay  
  72  7:18  SCV  
  72  7:19  SCV  
  72  7:20  Siege Tank  
  75  7:25  Viking x2  
  79  7:32  SCV x2  
  79  7:34  Orbital Command  
  79  7:35  Marine  
  78  7:45  Terran Infantry Weapons Level 1, Terran Infantry Armor Level 1  
  78  7:49  Barracks  
  78  7:53  Barracks Reactor  
  78  7:58  Orbital Command  
  78  8:01  Refinery  
  78  8:02  Barracks Reactor  
  78  8:04  Missile Turret  
  78  8:07  Missile Turret, Barracks Reactor  
  78  8:10  SCV x2  
  78  8:11  Marine  
  70  8:12  Viking x2  
  81  8:19  Missile Turret, Barracks  
  85  8:22  SCV x2  
  85  8:24  SCV  
  88  8:27  Combat Shield  
  88  8:34  SCV x2  
  88  8:36  SCV  
  90  8:46  SCV x2  
  90  8:48  SCV, Barracks Reactor  
  90  8:49  Medivac x2  
  90  8:52  Refinery  
  90  8:53  Marine x5  
  90  8:54  Refinery  
  100  8:58  SCV  
  100  9:00  Sensor Tower  
  100  9:02  Supply Depot  
  101  9:06  Armory  
  101  9:07  SCV  
  101  9:14  Supply Depot x2  
  101  9:20  Missile Turret  
  101  9:22  Marine x2  
  101  9:23  SCV x3, Marine x4  
  107  9:28  Marine x2  
  105  9:34  Siege Tank  
  92  9:40  Marine x2  
  92  9:41  Marine x4  
  97  9:48  Marine  
  97  9:49  Marine  
  97  9:50  Medivac  
  91  9:55  Medivac  
  91  9:58  Marine  
  94  10:05  Marine x6  
  94  10:06  Supply Depot x2  
  94  10:07  Marine  
  101  10:16  Marine  
  101  10:20  Siege Tank  
  105  10:23  Marine x3  
  105  10:25  Medivac  
  105  10:28  Marine x4, Medivac  
  116  10:33  Marine  
  115  10:44  Marine x3  
  115  10:45  Marine x4  
  119  10:51  Marine  
  108  11:00  Siege Tank  
  108  11:02  Marine x3  
  108  11:03  Marine x3  
  116  11:05  Marine  
  116  11:09  Marine  
  114  11:20  Marine x3  
  114  11:21  Marine x3  
  114  11:23  Marine  
  108  11:27  Marine  
  107  11:38  Marine x3  
  107  11:39  Marine x3  
  100  11:41  Marine  
  100  11:45  Marine  
  99  11:55  Marine  
  99  11:56  Marine x2  
  99  11:57  Marine x3  
  99  11:59  Marine  
  99  12:03  Marine  
  99  12:05  Siege Tank  
  97  12:12  Medivac  
  97  12:13  Marine x3  
  97  12:14  Marine x2  
  97  12:15  Marine, Medivac  
  105  12:18  Marine  
  85  12:31  Marine x4  
  85  12:32  Marine x2  
  85  12:36  Marine  
  89  12:39  Siege Tank  
  89  12:45  Marine  
  89  12:46  Orbital Command  
  89  12:49  Marine x2, Medivac  
  94  12:55  Medivac  
  94  12:57  Marine  
  97  12:59  Marine  
  97  13:02  Marine  
  97  13:04  Marine  
  100  13:09  Marine  
  100  13:10  Marine  
  102  13:16  Siege Tank  
  105  13:36  Marine x8  
  113  13:54  Marine  
  106  13:58  Marine x4  
  110  14:08  Marine  
  98  14:18  Marine x2  
  93  14:25  Marine x2  
  93  14:26  Marine  
  93  14:27  Marine x2  
  93  14:28  Marine  
  94  14:36  Marine x2  
  87  14:40  Siege Tank  
  87  14:41  Viking x2  
  87  14:42  Marine, Armory  
  87  14:43  Marine x2  
  87  14:44  Marine x2  
  99  14:45  Marine  
  100  14:54  Marine x2  
  100  15:00  Marine  
  100  15:01  Marine x2  
  100  15:02  Marine x2  
  100  15:03  Marine  
  106  15:11  Marine, Command Center  
  106  15:12  Marine  
  108  15:16  Siege Tank  
  108  15:18  Marine  
  108  15:19  Marine x2  
  108  15:20  Marine x2  
  116  15:21  Marine  
  117  15:29  Marine x2  
  118  15:35  SCV x2  
  118  15:36  Marine  
  118  15:37  Marine x2  
  118  15:38  Marine  
  123  15:44  Supply Depot x2, Marine x2  
  123  15:47  SCV x2  
  125  15:53  Marine  
  126  16:02  Supply Depot  
  126  16:03  Marine  
  126  16:06  Siege Tank  
  129  16:11  Barracks Reactor  
  129  16:12  Factory  
  113  16:20  Command Center  
  113  16:23  Viking x2  
  113  16:24  Marine  
  118  16:27  Marine  
  118  16:28  Marine  
  120  16:34  Marine x2  
  120  16:37  Marine x2  
  123  16:42  Marine  
  123  16:45  Marine x2  
  126  16:51  Marine x2  
  126  16:52  Marine  
  120  16:57  Marine x3  
  120  17:00  Marine  
  123  17:03  Marine x2  
  123  17:06  SCV x2  
  130  17:18  SCV  
  125  17:23  Marine x4  
Show
View Real Time Build Order
Export as new Build Order

GuMiho Terran - Winner!

Build Orders: 1/1/1 

Get SALT Encoding   

  12  0:00  SCV  
  13  0:12  SCV  
  14  0:17  Supply Depot  
  14  0:24  SCV  
  15  0:38  SCV  
  15  0:39  Barracks  
  16  0:43  Refinery  
  16  0:50  SCV  
  16  0:52  Refinery  
  17  1:02  SCV  
  18  1:14  SCV  
  19  1:27  Orbital Command, Reaper  
  19  1:28  Supply Depot  
  20  1:40  Factory  
  20  1:52  SCV  
  21  1:59  Reaper  
  22  2:04  SCV  
  23  2:17  SCV, Command Center  
  24  2:25  Starport  
  24  2:30  SCV  
  24  2:36  Barracks Reactor  
  25  2:40  Supply Depot  
  25  2:42  Hellion  
  27  2:45  SCV  
  28  2:57  SCV  
  29  3:02  Medivac  
  29  3:03  Cyclone  
  33  3:09  SCV  
  34  3:13  Marine x2  
  36  3:21  SCV  
  37  3:30  Orbital Command  
  37  3:42  Starport Tech Lab, Cyclone x2  
  37  3:44  SCV  
  43  3:55  SCV  
  43  3:56  SCV  
  43  3:58  Supply Depot  
  43  3:59  Refinery  
  43  4:02  Raven  
  46  4:09  SCV x2  
  48  4:22  SCV x2  
  48  4:24  Cyclone x2  
  52  4:34  SCV  
  52  4:35  SCV  
  52  4:38  Viking  
  53  4:46  SCV  
  53  4:47  SCV  
  53  4:55  Command Center  
  53  4:56  Cyclone  
  53  4:59  SCV x2  
  53  5:11  SCV x2  
  55  5:23  SCV x2  
  52  5:34  Refinery  
  52  5:35  SCV x2  
  54  5:36  Supply Depot  
  54  5:47  SCV x2  
  54  5:49  Siege Tank, Engineering Bay, Barracks  
  59  5:50  Engineering Bay, Barracks  
  59  5:52  Marine x2  
  61  5:57  Medivac  
  61  5:59  Supply Depot, SCV x2  
  65  6:08  Orbital Command  
  65  6:10  Marine x2  
  67  6:11  SCV x2  
  69  6:21  Siege Tank  
  69  6:23  SCV x2  
  66  6:33  Viking  
  66  6:35  SCV x2  
  66  6:38  Marine x2  
  66  6:39  Barracks Tech Lab x2  
  70  6:40  SCV  
  70  6:41  Terran Infantry Weapons Level 1, Terran Infantry Armor Level 1  
  70  6:43  Supply Depot x2  
  71  6:47  SCV  
  71  6:48  SCV  
  71  6:52  SCV  
  74  6:55  Siege Tank  
  74  6:56  Marine x2  
  74  7:00  SCV x2  
  80  7:04  SCV  
  80  7:05  Viking  
  83  7:11  Marauder  
  83  7:12  Marauder  
  84  7:25  SCV x2  
  84  7:26  Marine x2  
  84  7:27  Siege Tank  
  91  7:32  Marine x2  
  91  7:34  SCV  
  94  7:37  SCV  
  94  7:38  Viking  
  94  7:44  SCV, Marine  
  94  7:46  SCV, Marine  
  94  7:47  Stimpack  
  94  7:49  SCV  
  94  7:50  Marine x2  
  100  7:55  Supply Depot  
  100  7:56  Supply Depot  
  100  7:57  Combat Shield  
  100  8:00  SCV x2  
  100  8:01  SCV  
  100  8:02  Marine  
  104  8:05  Missile Turret  
  104  8:07  Supply Depot  
  104  8:08  Missile Turret  
  104  8:13  Siege Tank  
  104  8:14  Starport Reactor  
  104  8:17  SCV x3, Barracks  
  110  8:20  Marine x4, Barracks  
  114  8:29  SCV x3  
  117  8:35  Command Center  
  117  8:39  Armory  
  117  8:41  SCV  
  117  8:42  Factory  
  117  8:45  Marine x4  
  120  8:54  Medivac x2  
  124  8:56  SCV x2  
  124  8:57  SCV  
  124  9:02  Supply Depot x2  
  127  9:03  Marine x3  
  127  9:04  Refinery x2  
  127  9:06  Supply Depot  
  129  9:10  SCV  
  129  9:11  SCV x2  
  132  9:17  Barracks Reactor x2  
  132  9:23  SCV  
  134  9:24  SCV x2  
  134  9:30  Marine  
  134  9:31  Siege Tank, Marine x3  
  134  9:48  Marine x2  
  115  9:53  Medivac x2  
  115  9:54  SCV x3  
  115  9:57  Marine x4  
  115  9:58  Barracks Reactor  
  120  10:00  Siege Tank  
  120  10:06  Marine  
  123  10:09  SCV x3, Refinery  
  123  10:12  Barracks Reactor  
  123  10:13  Terran Infantry Weapons Level 2  
  126  10:14  Missile Turret  
  126  10:18  Missile Turret, Terran Infantry Armor Level 2  
  126  10:19  Marine x2  
  126  10:20  Marine x2, Refinery  
  130  10:24  Marine x2  
  130  10:25  Siege Tank, Missile Turret  
  130  10:27  SCV x3  
  137  10:37  Marine x2  
  137  10:38  Marine x2  
  137  10:41  Marine  
  137  10:42  Marine x2  
  136  10:45  Marine  
  125  10:54  Marine x2, Viking x2  
  125  10:55  Marine x2  
  125  10:56  Marine x2  
  122  10:59  Marine x2  
  122  11:00  Siege Tank x2, Marine  
  122  11:03  Marine  
  120  11:12  Marine x4  
  120  11:13  Marine  
  120  11:14  Marine  
  120  11:17  Marine x2  
  120  11:18  Marine  
  123  11:21  Marine  
  119  11:27  Viking x2  
  119  11:30  Marine x4  
  119  11:31  Marine x2  
  119  11:32  Siege Tank  
  131  11:35  Marine x2  
  131  11:36  Marine  
  131  11:38  Marine  
  109  11:48  Marine x4  
  109  11:49  Marine x2  
  109  11:53  Marine x3  
  115  11:56  Marine  
  109  12:06  Marine x2  
  109  12:07  Siege Tank x2  
  108  12:09  Marine x2  
  108  12:14  Marine x3  
  112  12:21  Orbital Command  
  112  12:28  Marine  
  112  12:29  Marine x3  
  92  12:31  Marine x2  
  92  12:32  Marine  
  95  12:38  SCV x2  
  95  12:40  Marine  
  98  12:47  Planetary Fortress  
  98  12:51  Marine  
  99  12:55  Marine x2  
  101  13:02  SCV  
  102  13:05  Marine  
  103  13:17  Terran Infantry Weapons Level 3  
  103  13:20  Terran Infantry Armor Level 3, Marine  
  103  13:22  Marine  
  103  13:23  Marine  
  103  13:24  Marine  
  105  13:27  Marine x2  
  105  13:30  Marine  
  105  13:31  Marine x2  
  105  13:33  Marine  
  111  13:38  Marine  
  111  13:40  Marine  
  111  13:41  Marine  
  114  13:42  Marine  
  114  13:45  Marine  
  116  13:54  Marine x5  
  104  13:56  Marine  
  104  13:57  Siege Tank x2  
  104  13:58  Marine x2  
  104  13:59  Viking  
  115  14:03  Viking  
  96  14:17  Marine  
  96  14:21  Marine x9  
  93  14:35  Marine  
  93  14:38  Viking x2  
  89  14:39  Marine x4  
  89  14:40  Marine x3  
  89  14:42  Marine x2  
  98  14:46  Siege Tank  
  101  14:53  Marine  
  101  14:56  Marine  
  101  14:57  Marine  
  101  14:58  Marine x2  
  101  14:59  Siege Tank  
  109  15:02  Marine x2  
  109  15:03  Marine x2  
  109  15:04  Marine  
  114  15:09  SCV  
  114  15:11  SCV, Marine  
  117  15:14  Marine  
  117  15:15  Marine x2  
  117  15:16  Marine  
  117  15:20  Marine  
  117  15:21  Siege Tank  
  125  15:24  Marine x3  
  126  15:34  Medivac x2  
  130  15:39  Siege Tank  
  130  15:41  Marine x4  
  135  15:51  Marine x4  
  135  15:52  Marine  
  135  15:53  Marine  
  141  15:58  Marine  
  141  16:02  Marine x3  
  145  16:08  SCV, Marine  
  145  16:09  SCV  
  148  16:15  Orbital Command  
  136  16:19  Siege Tank x2  
  136  16:20  Medivac x2  
  136  16:21  SCV  
  135  16:28  Marine x6  
  141  16:37  Marine x2  
  141  16:38  Marine x2  
  145  16:45  Marine  
  145  16:46  Marine  
  145  16:47  Marine x3  
  147  16:51  Siege Tank  
  146  17:00  Marine x5  
  142  17:03  Marine  
  142  17:04  Siege Tank, Marine  
  139  17:20  Marine x8  
  139  17:21  Marine  
  139  17:22  Marine  
Tags
 
Add a new tag
Caveats
  • Supply blocks, unpowered buildings, or Contaminate may cause inaccurate times.
  • Supply counts are checked every 10 seconds.